Map: Automaton LE

Players

Throwfordays - Winner!

  • Race: Protoss Protoss
  • League: Bronze
  • Spawn Location: 3:00

Daniel

  • Race: Terran Terran
  • Spawn Location: 9:00

VOD

Have the link to the VOD?

Description

Time

  • Played on: Jan. 22, 2019, 7:41 p.m.
  • Length: 7:35
Show
View Real Time Build Order
Export as new Build Order

Throwfordays Protoss - Winner!

Build Orders:  

Get SALT Encoding   

  12  0:00  Probe  
  13  0:12  Probe  
  14  0:18  Pylon  
  14  0:30  Probe  
  15  0:38  Gateway  
  15  0:42  Probe  
  16  0:47  Assimilator  
  16  0:54  Probe  
  17  1:06  Probe  
  18  1:18  Probe  
  19  1:26  Cybernetics Core  
  19  1:30  Probe  
  19  1:31  Gateway  
  20  1:40  Zealot  
  20  1:42  Warp Gate  
  22  1:54  Assimilator  
  22  2:02  Pylon  
  22  2:12  Nexus  
  22  2:20  Adept  
  24  2:25  Adept  
  24  2:29  Probe  
  27  2:41  Probe  
  28  2:51  Gateway  
  28  2:54  Probe  
  28  2:55  Gateway  
  29  3:04  Stalker  
  31  3:20  Pylon  
  31  3:24  Stalker  
  31  3:27  Probe  
  34  3:29  Probe  
  35  3:39  Probe  
  36  3:41  Probe  
  37  3:51  Probe  
  37  3:52  Probe  
  39  3:59  Probe  
  39  4:00  Probe  
  39  4:07  Probe  
  39  4:08  Pylon, Probe  
  41  4:15  Stalker  
  45  4:17  Probe  
  45  4:20  Probe  
  45  4:21  Stalker  
  49  4:28  Stalker  
  49  4:29  Probe  
  52  4:32  Probe  
  53  4:41  Forge  
  53  4:44  Probe  
  54  4:50  Pylon  
  54  4:53  Stalker x2  
  54  4:55  Stalker  
  54  4:56  Probe  
  61  5:09  Pylon  
  61  5:16  Pylon  
  61  5:24  Pylon  
  61  5:35  Pylon  
  61  5:53  Stalker  
  61  5:54  Stalker x3  
  69  6:03  Pylon  
  69  6:14  Pylon  
  69  6:23  Pylon  
  69  6:36  Pylon  
  63  6:59  Stalker x2  
  63  7:00  Stalker x2  
  67  7:28  Pylon  
  67  7:31  Stalker x2  
  67  7:32  Stalker x2  
Show
View Real Time Build Order
Export as new Build Order

Daniel Terran 

Build Orders:  

Get SALT Encoding   

  12  0:06  SCV  
  13  0:18  SCV  
  14  0:41  Supply Depot  
  14  1:06  Refinery  
  14  1:19  Barracks  
  14  1:46  SCV  
  15  2:01  Refinery  
  15  2:15  Barracks Reactor  
  15  2:36  SCV  
  16  2:48  SCV  
  17  2:59  Supply Depot  
  17  3:00  Marine x2  
  17  3:01  Supply Depot  
  19  3:09  SCV  
  20  3:18  Marine x2  
  22  3:28  Factory  
  22  3:36  Marine x2  
  24  3:45  Engineering Bay  
  24  3:54  Marine x2  
  26  4:12  Reaper x2  
  26  4:14  Factory Reactor  
  28  4:35  Armory  
  28  4:44  Marine x2  
  30  4:52  Widow Mine x2  
  34  4:53  Starport  
  34  5:13  Widow Mine x2  
  38  5:25  Sensor Tower  
  38  5:28  Sensor Tower  
  38  5:38  Sensor Tower  
  38  5:46  Supply Depot x2  
  38  5:49  Supply Depot  
  38  6:03  Starport Reactor  
  38  6:08  Hellion x2  
  42  6:33  Sensor Tower  
  42  6:34  Sensor Tower  
  42  6:39  Sensor Tower  
  34  6:53  Starport Reactor  
  19  7:01  Hellbat  
  19  7:12  Hellbat  
Tags
 
League
Bronze
Matchup
PvT
Replay Pack
Multiplayer
Spawn Locations
Cross Positions
Add a new tag
Caveats
  • Supply blocks, unpowered buildings, or Contaminate may cause inaccurate times.
  • Supply counts are checked every 10 seconds.